 Dungeon Crawl Stone Soup version 0.31-a0-698-g4a7cf283bb (webtiles) character file.

Game seed: 12606147976498945016

120 qw the Shooter (level 5, -5/32 HPs)
             Began as a Gargoyle Hunter on Sept 7, 2023.
             Slain by Grinder (6 damage)
             ... on level 3 of the Dungeon.
             The game lasted 00:00:47 (1914 turns).

qw the Shooter (Gargoyle Hunter)                    Turns: 1914, Time: 00:00:48

Health: -5/32      AC:  7    Str: 14    XL:     5   Next: 4%
Magic:  5/5        EV: 11    Int: 10    God:
Gold:   76         SH:  0    Dex: 15    Spells: 4/4 levels left

rFire   . . .        Y - +0 shortbow
rCold   + . .        (shield currently unavailable)
rNeg    + . .        c - +0 leather armour
rPois   inf          (no helmet)
rElec   +            (no cloak)
rCorr   .            (no gloves)
SInv    .            (no boots)
Will    .....        (no amulet)
Stlth   ++           e - ring of protection from cold
HPRegen 0.25/turn    (no ring)
MPRegen 0.09/turn

%: no passive effects
@: no status effects
A: sickness immunity, AC +4, negative energy resistance 1, electricity
resistance, torment resistance 1, petrification resistance
a: no special abilities


You were on level 3 of the Dungeon.
You visited 1 branch of the dungeon, and saw 3 of its levels.

You collected 76 gold pieces.


Innate Abilities, Weirdness & Mutations

You are immune to sickness and miasma.
Your stone body is resilient. (AC +4)
You are immune to poison.
You resist negative energy. (rN+)
You are resistant to electric shocks. (rElec)
You are resistant to unholy torment.
You are immune to petrification.


   Skills:
 - Level 3.0 Fighting
 + Level 5.8 Ranged Weapons
 - Level 1.5 Dodging
 - Level 1.1 Stealth


You had 4 spell levels left.
You didn't know any spells.
Your spell library was empty.

Inventory:

Hand Weapons
 Y - a +0 shortbow (weapon)
Armour
 c - a +0 leather armour (worn)
 d - a +0 ring mail
Jewellery
 e - a ring of protection from cold (left hand)
Potions
 a - a potion of invisibility {unknown}
 b - a potion of attraction {unknown}

Dungeon Overview and Level Annotations

Branches:
Dungeon (3/15)

Altars:

Annotations:
D:3 Grinder


Message History

You shoot an arrow. The arrow completely misses Grinder.
You shoot an arrow. The arrow hits Grinder!
Grinder is heavily wounded.
Grinder gestures at you.
You suddenly lose the ability to move!
You can move again.
You shoot an arrow. The arrow closely misses Grinder.
You shoot an arrow. The arrow hits Grinder.
Grinder is heavily wounded.
Grinder blinks!
You start resting.
Grinder is nearby!
You shoot an arrow. The arrow completely misses Grinder.
You start resting.
Grinder is nearby!
You shoot an arrow. The arrow barely misses Grinder.
You shoot an arrow. The arrow closely misses Grinder.
Grinder gestures at you. You resist with significant effort.
You shoot an arrow. The arrow hits Grinder.
Grinder is heavily wounded.
You start resting.
Grinder is nearby!
You shoot an arrow. The arrow hits Grinder.
Grinder is severely wounded.
Grinder hits you but does no damage.
You shoot an arrow. The arrow hits Grinder.
Grinder is almost dead.
Grinder hits you!
You shoot an arrow.
The arrow hits Grinder but does no damage.
Grinder is almost dead.
Grinder gestures at you. Pain shoots through your body!
You shoot an arrow. The arrow closely misses Grinder.
Grinder barely misses you. Grinder hits you but does no damage.
You shoot an arrow. The arrow closely misses Grinder.
Grinder hits you.
You die...
Grinder says, "Now the real fun starts!"

#...## #....####
#.#.....# #.#.%..##
#.#.#..# #.#.#..# .#
#.#.#..# #.. #...#..#
.... ##..#@.# .5...
###..##5#####.. ##.....
#.............##..%....
#..>.##.#######..#
#....##.# ####..##
#...)##.###....##
###.....(...####
#.........# #.........#


You could see Grinder.

Vanquished Creatures
  Terence (D:3)
  Ijyb (D:3)
  2 adders
  A worm (D:2)
  4 endoplasms
  5 giant cockroaches
  5 goblins
  6 hobgoblins
  A quokka (D:1)
  5 bats
  3 frilled lizards
  8 kobolds
  3 rats
45 creatures vanquished.

Notes
Turn   | Place    | Note
-------+----------+-------------------------------------------
     0 | D:1      | qw the Gargoyle Hunter began the quest for the Orb.
     0 | D:1      | Reached XP level 1. HP: 12/12 MP: 1/1
     0 | D:1      | 0 ||| qw: Version: 0.3-a-76-g4403597
     0 | D:1      | 0 ||| qw: Game counter: 375
     0 | D:1      | 0 ||| qw: Melee chars always use a shield: true
     0 | D:1      | 0 ||| qw: God list: Okawaru
     0 | D:1      | 0 ||| qw: Allow faded altars: false
     0 | D:1      | 0 ||| qw: Do Orc after clearing Dungeon:15 true
     0 | D:1      | 0 ||| qw: Do second Lair branch before Depths: true
     0 | D:1      | 0 ||| qw: Lair rune preference: random
     0 | D:1      | 0 ||| qw: Goals: Normal
     0 | D:1      | 0 ||| PLANNING D:1-11
   146 | D:1      | Reached XP level 2. HP: 17/17 MP: 2/2
   536 | D:1      | Reached XP level 3. HP: 21/21 MP: 3/3
   719 | D:1      | HP: 5/21 [kobold/+1 whip of freezing (2)]
   829 | D:1      | 829 ||| DROPPING scarf of shadows.
   830 | D:1      | 830 ||| READING scroll labelled JEATZO GUOM.
   831 | D:1      | 831 ||| DROPPING scroll of butterflies.
   841 | D:2      | Reached skill level 5 in Ranged Weapons
  1014 | D:2      | Reached skill level 3 in Fighting
  1451 | D:2      | 1451 ||| READING scroll labelled SOTTOF YNOPLA.
  1477 | D:3      | 1477 ||| PLANNING SEWER
  1507 | D:3      | Reached XP level 4. HP: 28/28 MP: 4/4
  1575 | D:3      | Noticed Terence
  1589 | D:3      | HP: 7/28 [Terence/+0 short sword (4)]
  1591 | D:3      | Killed Terence
  1647 | D:3      | 1647 ||| FLEEEEING.
  1648 | D:3      | 1648 ||| FLEEEEING.
  1649 | D:3      | 1649 ||| FLEEEEING.
  1653 | D:3      | 1653 ||| STAIRDANCE
  1676 | D:2      | 1676 ||| UPGRADING to ring of protection from cold.
  1677 | D:2      | 1677 ||| READING scroll labelled CEHUHO AMAZEWI.
  1730 | D:3      | Noticed Ijyb
  1744 | D:3      | HP: 4/28 [Ijyb/bolt of light (21)]
  1746 | D:3      | Killed Ijyb
  1747 | D:3      | Reached XP level 5. HP: 5/32 MP: 5/5
  1865 | D:3      | Noticed Grinder
  1873 | D:3      | Paralysed by Grinder for 5 turns
  1878 | D:3      | HP: 7/32 [Grinder (5)]
  1881 | D:3      | 1881 ||| FLEEEEING.
  1882 | D:3      | 1882 ||| FLEEEEING.
  1883 | D:3      | 1883 ||| FLEEEEING.
  1884 | D:3      | 1884 ||| FLEEEEING.
  1897 | D:3      | Paralysed by Grinder for 2 turns
  1911 | D:3      | HP: 6/32 [Grinder (7)]
  1912 | D:3      | HP: 1/32 [Grinder/nerve-wracking pain (6)]
  1914 | D:3      | Slain by Grinder

Levels and vault maps discovered:
D:1:      elethiomel_arrival_fortress_basement, layout_loops_ring,
          serial_rivers, chequers_serial_rivers_micro_c,
          chequers_serial_rivers_micro_d, chequers_serial_rivers_small_b,
          chequers_serial_rivers_marsh, chequers_serial_rivers_micro_d,
          chequers_serial_rivers_marsh, minmay_misc_feat_more_columns
D:2:      layout_basic, minivault_26, serial_bayou_ford_a
D:3:      cheibrodos_greedy_goblins, layout_rooms, ebering_ghost_sewer_d,
          gup_sewer_entry_pipe, uniq_ijyb, uniq_grinder, uniq_terence

Skill      XL: |  1  2  3 |
---------------+----------+-----
Ranged Weapons | 5 |  5.8
Fighting       | 3 |  3.0
Dodging        | |  1.5
Stealth        | |  1.1

Action                     |  1- 3 |  4- 6 || total
---------------------------+-------+-------++-------
   Fire: Shortbow          |   129 |    61 ||   190
    Use: Scroll            |     2 |     1 ||     3
 Armour: Leather armour    |    28 |    24 ||    52
  Dodge: Dodged            |    32 |    17 ||    49

Table legend:
 A = Non-vault XP
 B = Vault XP
 C = Vault XP percentage of total XP
 D = Non-vault monster count
 E = Vault monster count
 F = Vault count percentage of total count
                 A         B        C        D         E       F
            +---------+---------+-------+---------+---------+-------
      Total |      96 |      76 |  44.2 |      42 |       3 |   6.7
            +---------+---------+-------+---------+---------+-------
        D:1 |      36 |       2 |   5.3 |      22 |       1 |   4.3
        D:2 |      41 |       0 |   0.0 |      15 |       0 |   0.0
        D:3 |      19 |      74 |  79.6 |       5 |       2 |  28.6
            +---------+---------+-------+---------+---------+-------
